AoeStats
← NPG | FishCL

Arabia

507331014Analyzed
4v4 RM · 14d ago on Sep 17, 2026· 26m 38s· 8 players
Game mode
Random Map
Map size
Large (8 player)
Population
200
Speed
Normal
Resources
Standard
Victory
Conquest
Starting age
Dark Age
Ending age
Imperial Age
RankedLock teamsTeams togetherTeam positionsShared explorationLock speedFull tech treeHidden civsTurbo modeCheats
Victory
Defeat
🇨🇱 Britons · Chile
1770
+7
🇨🇱 Hindustanis · Chile
1710
+9
🇨🇱 Saracens · Chile
1575
+14
🇨🇱 Franks · Chile
1476
+18
🇧🇷 Magyars · Brazil
1564
-13
🇹🇷 Malay · Türkiye
1547
-12
🇨🇱 Franks · Chile
1544
-12
🇲🇽 Romans · Mexico
1527
-11
EoK_pr1ston
6:50 Loom
9:14 Feudal Age
9:47 Double-Bit Axe
11:29 Horse Collar
19:56 Bloodlines
24:20 Castle Age
23:05 Scale Barding Armor
24:07 Gold Mining
25:09 Husbandry
25:30 Chain Barding Armor
24:37 Light Cavalry
NPG | FishCL
6:44 Loom
9:13 Feudal Age
10:01 Double-Bit Axe
17:48 Scale Barding Armor
19:36 Forging
24:02 Castle Age
22:22 Gold Mining
25:08 Chain Barding Armor
25:27 Husbandry
[CAF] BabaYaga
7:37 Loom
8:30 Loom
11:00 Feudal Age
12:39 Double-Bit Axe
13:28 Town Watch
14:56 Fletching
16:18 Padded Archer Armor
20:55 Horse Collar
Kanon
6:53 Loom
9:13 Feudal Age
9:22 Man-at-Arms
12:10 Scale Mail Armor
19:33 Fletching
20:48 Padded Archer Armor
NPG | El Compadre
9:36 Feudal Age
8:32 Loom
10:36 Double-Bit Axe
13:45 Horse Collar
14:42 Fletching
17:46 Padded Archer Armor
19:31 Gold Mining
21:15 Wheelbarrow
24:26 Castle Age
25:04 Bodkin Arrow
24:31 Crossbowman
25:40 Leather Archer Armor
26:30 Bow Saw
27:02 Ballistics
NPG | Dequetelasdai
6:26 Loom
6:31 Loom
9:40 Feudal Age
10:25 Double-Bit Axe
16:17 Scale Barding Armor
18:42 Wheelbarrow
22:52 Castle Age
21:24 Forging
22:10 Gold Mining
24:23 Chain Barding Armor
Dkastro
6:23 Loom
8:52 Feudal Age
9:23 Double-Bit Axe
9:43 Horse Collar
14:54 Fletching
15:50 Forging
16:44 Scale Barding Armor
20:09 Bloodlines
23:44 Castle Age
22:12 Gold Mining
25:56 Wheelbarrow
25:44 Chain Barding Armor
25:37 Bow Saw
26:55 Husbandry
LLaRLLi
5:09 Loom
9:17 Feudal Age
10:13 Double-Bit Axe
13:00 Fletching
21:24 Castle Age
19:50 Gold Mining
20:06 Padded Archer Armor
21:28 Crossbowman
22:05 Bodkin Arrow
22:21 Bow Saw
22:24 Horse Collar
24:50 Ballistics
26:18 Wheelbarrow
Connection lost

Rejoining the realm…

Still unreachable

The connection could not be restored.

Session expired

The server has moved on; the page needs a fresh start.